TOP OF THE 1ST |
Calgary Lynx batting - Pitching for Jersey City Tritons : RHP Iwane Chihara
|
Pitching: RHP Iwane Chihara
|
|
Batting: RHB Sixto Estrada
|
0-0: Fly out, F7 (Flyball, 7LM)
|
Batting: RHB Hani Azwan
|
0-0: Ball 1-0: Called Strike 1-1: Fly out, F3 (Popup, 3SF)
|
Batting: RHB Ángelo Delgado
|
0-0: SINGLE (Flyball, 89S)
|
Batting: LHB Michael Ward
|
0-0: Ball 1-0: Swinging Strike 1-1: Called Strike 1-2: DOUBLE (Groundball, 3L) Ángelo Delgado to third Runner from 3rd tries for Home, SAFE, no throw
|
Batting: RHB José de la Cavallería
|
0-0: Called Strike 0-1: Ball 1-1: Fly out, F7 (Flyball, 7)
|
Top of the 1st over - 1 run, 2 hits, 0 errors, 1 left on base; Calgary 1 - Jersey City 0 |
BOTTOM OF THE 1ST |
Jersey City Tritons batting - Pitching for Calgary Lynx : RHP Sjoerd Reynoud
|
Pitching: RHP Sjoerd Reynoud
|
|
Batting: RHB Steven Rohrs
|
0-0: SINGLE (Line Drive, 5)
|
Batting: LHB Bart Walton
|
0-0: Ball 1-0: Ball 2-0: Called Strike 2-1: Foul Ball, location: 2F 2-2: Strikes out looking
|
Batting: LHB Dana Waldrip
|
0-0: Foul Ball, location: 2F 0-1: Foul Ball, location: 2F 0-2: Ball 1-2: Ball 2-2: Foul Ball, location: 2F 2-2: Ball 3-2: Base on Balls Steven Rohrs to second
|
Batting: LHB Shelby Noonan
|
0-0: Ball 1-0: Ball 2-0: Ball 3-0: Called Strike 3-1: Base on Balls Steven Rohrs to third Dana Waldrip to second
|
Batting: RHB Carlos Rúbio
|
0-0: Swinging Strike 0-1: Ball 1-1: Ball 2-1: Fly out, F3 (Popup, 3F)
|
Batting: RHB Rand McNally
|
0-0: Called Strike 0-1: Ball 1-1: Ball 2-1: Called Strike 2-2: GRAND SLAM HOME RUN (Flyball, 7LD), Distance : 349 ft
|
Batting: LHB Bartholomew Bailey
|
0-0: Ball 1-0: Called Strike 1-1: Ball 2-1: Ground out 1-3 (Groundball, P)
|
Bottom of the 1st over - 4 runs, 2 hits, 0 errors, 0 left on base; Calgary 1 - Jersey City 4 |
TOP OF THE 2ND |
Calgary Lynx batting - Pitching for Jersey City Tritons : RHP Iwane Chihara
|
Batting: LHB Juan Aranda
|
0-0: Ball 1-0: Ball 2-0: Called Strike 2-1: Foul Ball, location: 2F 2-2: Foul Ball, location: 2F 2-2: SINGLE (Line Drive, 34)
|
Batting: RHB Luis Delvalle
|
0-0: Fly out, F9 (Flyball, 89S)
|
Batting: RHB Cody Jaeckel
|
0-0: Called Strike 0-1: Ball 1-1: Ball 2-1: Ball 3-1: Called Strike 3-2: Foul Ball, location: 2F 3-2: Foul Ball, location: 2F 3-2: Grounds into double play, 4-6-3 (Groundball, 4)
|
Top of the 2nd over - 0 runs, 1 hit, 0 errors, 0 left on base; Calgary 1 - Jersey City 4 |
BOTTOM OF THE 2ND |
Jersey City Tritons batting - Pitching for Calgary Lynx : RHP Sjoerd Reynoud
|
Batting: RHB Brian Moring
|
0-0: Called Strike 0-1: Ground out 3-1 (Groundball, 34S)
|
Batting: RHB Micheal Lovell
|
0-0: Called Strike 0-1: Ball 1-1: DOUBLE (Line Drive, 7LM)
|
Batting: RHB Steven Rohrs
|
0-0: Ball 1-0: Called Strike 1-1: Ground out U3 (Groundball, 34S) Micheal Lovell to third
|
Batting: LHB Bart Walton
|
0-0: Ball 1-0: Called Strike 1-1: Ball 2-1: Ball 3-1: Foul Ball, location: 2F 3-2: Base on Balls
|
Batting: LHB Dana Waldrip
|
0-0: Called Strike 0-1: Swinging Strike 0-2: Strikes out swinging
|
Bottom of the 2nd over - 0 runs, 1 hit, 0 errors, 2 left on base; Calgary 1 - Jersey City 4 |
TOP OF THE 3RD |
Calgary Lynx batting - Pitching for Jersey City Tritons : RHP Iwane Chihara
|
Batting: RHB Rubén Medina
|
0-0: Swinging Strike 0-1: Ground out 6-3 (Groundball, 6)
|
Batting: RHB Sixto Estrada
|
0-0: Foul Ball, location: 2F 0-1: Foul Ball, location: 2F 0-2: Ground out 6-3 (Groundball, 6)
|
Batting: RHB Hani Azwan
|
0-0: Swinging Strike 0-1: Called Strike 0-2: Strikes out looking
|
Top of the 3rd over - 0 runs, 0 hits, 0 errors, 0 left on base; Calgary 1 - Jersey City 4 |
BOTTOM OF THE 3RD |
Jersey City Tritons batting - Pitching for Calgary Lynx : RHP Sjoerd Reynoud
|
Batting: LHB Shelby Noonan
|
0-0: Swinging Strike 0-1: Fly out, F9 (Flyball, 9S)
|
Batting: RHB Carlos Rúbio
|
0-0: Ground out 5-3 (Groundball, 5)
|
Batting: RHB Rand McNally
|
0-0: SINGLE (Groundball, 6MD)
|
Batting: LHB Bartholomew Bailey
|
0-0: Called Strike 0-1: Ball 1-1: Ball 2-1: Ground out U3 (Groundball, 3)
|
Bottom of the 3rd over - 0 runs, 1 hit, 0 errors, 1 left on base; Calgary 1 - Jersey City 4 |
TOP OF THE 4TH |
Calgary Lynx batting - Pitching for Jersey City Tritons : RHP Iwane Chihara
|
Batting: RHB Ángelo Delgado
|
0-0: Ground out 3-1 (Groundball, 34S)
|
Batting: LHB Michael Ward
|
0-0: Ball 1-0: Called Strike 1-1: Ball 2-1: Foul Ball, location: 2F 2-2: Foul Ball, location: 2F 2-2: Ball 3-2: Fly out, F8 (Line Drive, 8RM)
|
Batting: RHB José de la Cavallería
|
0-0: Ball 1-0: Ball 2-0: DOUBLE (Flyball, 89D)
|
Batting: LHB Juan Aranda
|
0-0: Ball 1-0: Ball 2-0: Called Strike 2-1: Ball 3-1: Base on Balls
|
Batting: RHB Luis Delvalle
|
0-0: Called Strike 0-1: Ball 1-1: Called Strike 1-2: Ball 2-2: Reached on error, E9 (Flyball, 89S) José de la Cavallería scores Juan Aranda to third
|
Batting: RHB Cody Jaeckel
|
0-0: Ball 1-0: Called Strike 1-1: SINGLE (Line Drive, 7S) Juan Aranda scores Luis Delvalle to third Runner from 3rd tries for Home, SAFE, throw made home
|
Batting: RHB Rubén Medina
|
0-0: Ball Cody Jaeckel steals 2nd base 1-0: Ball 2-0: Reached on error, E6 (Groundball, 6) Cody Jaeckel to third
|
Batting: RHB Sixto Estrada
|
0-0: Ball 1-0: Ground out 5-3 (Groundball, 56S)
|
Top of the 4th over - 3 runs, 2 hits, 2 errors, 2 left on base; Calgary 4 - Jersey City 4 |
BOTTOM OF THE 4TH |
Jersey City Tritons batting - Pitching for Calgary Lynx : RHP Sjoerd Reynoud
|
Batting: RHB Brian Moring
|
0-0: Fly out, F6 (Popup, 6D)
|
Batting: RHB Micheal Lovell
|
0-0: Foul Ball, location: 2F 0-1: Swinging Strike 0-2: Strikes out swinging
|
Batting: RHB Steven Rohrs
|
0-0: Ball 1-0: Called Strike 1-1: Foul Ball, location: 2F 1-2: Ball 2-2: Strikes out swinging
|
Bottom of the 4th over - 0 runs, 0 hits, 0 errors, 0 left on base; Calgary 4 - Jersey City 4 |
TOP OF THE 5TH |
Calgary Lynx batting - Pitching for Jersey City Tritons : RHP Iwane Chihara
|
Batting: RHB Hani Azwan
|
0-0: SINGLE (Flyball, 9LS)
|
Batting: RHB Ángelo Delgado
|
0-0: Called Strike 0-1: Ball 1-1: Ball 2-1: Reached on error, E4 (Line Drive, 4) Hani Azwan to second
|
Batting: LHB Michael Ward
|
0-0: Called Strike Hani Azwan steals 3rd base Ángelo Delgado to second 0-1: Fly out, F7 (Flyball, 7S) Runner from 3rd tags up, OUT at HOME Ángelo Delgado to third
|
Batting: RHB José de la Cavallería
|
0-0: Called Strike 0-1: Ball 1-1: Swinging Strike 1-2: Ground out 6-3 (Groundball, 6M)
|
Top of the 5th over - 0 runs, 1 hit, 1 error, 1 left on base; Calgary 4 - Jersey City 4 |
BOTTOM OF THE 5TH |
Jersey City Tritons batting - Pitching for Calgary Lynx : RHP Sjoerd Reynoud
|
Batting: LHB Bart Walton
|
0-0: Fly out, F8 (Flyball, 78S)
|
Batting: LHB Dana Waldrip
|
0-0: Called Strike 0-1: Ball 1-1: SINGLE (Groundball, 3D)
|
Batting: LHB Shelby Noonan
|
0-0: Called Strike 0-1: Ball 1-1: Foul Ball, location: 2F 1-2: Grounds into double play, 5-4-3 (Groundball, 56)
|
Bottom of the 5th over - 0 runs, 1 hit, 0 errors, 0 left on base; Calgary 4 - Jersey City 4 |
TOP OF THE 6TH |
Calgary Lynx batting - Pitching for Jersey City Tritons : RHP Iwane Chihara
|
Batting: LHB Juan Aranda
|
0-0: SINGLE (Line Drive, 3D)
|
Batting: RHB Luis Delvalle
|
0-0: Fly out, F8 (Flyball, 8LM)
|
Batting: RHB Cody Jaeckel
|
0-0: Ball 1-0: Ball 2-0: Grounds into double play, 4-6-3 (Groundball, 4)
|
Top of the 6th over - 0 runs, 1 hit, 0 errors, 0 left on base; Calgary 4 - Jersey City 4 |
BOTTOM OF THE 6TH |
Jersey City Tritons batting - Pitching for Calgary Lynx : RHP Sjoerd Reynoud
|
Batting: RHB Carlos Rúbio
|
0-0: Called Strike 0-1: Foul Ball, location: 2F 0-2: Foul Ball, location: 2F 0-2: Ball 1-2: Foul Ball, location: 2F 1-2: Ball 2-2: Ball 3-2: Foul Ball, location: 2F 3-2: Base on Balls
|
Batting: RHB Rand McNally
|
0-0: Bunt missed! 0-1: Bunt missed! 0-2: Ball 1-2: Ball 2-2: Ball 3-2: Base on Balls Carlos Rúbio to second
|
Batting: LHB Bartholomew Bailey
|
0-0: Called Strike 0-1: Foul Ball, location: 2F 0-2: Ball 1-2: Strikes out swinging
|
Batting: RHB Brian Moring
|
0-0: Ball 1-0: Ball 2-0: Ball 3-0: Called Strike 3-1: Grounds into double play, 1-4-3 (Groundball, 15S)
|
Bottom of the 6th over - 0 runs, 0 hits, 0 errors, 1 left on base; Calgary 4 - Jersey City 4 |
TOP OF THE 7TH |
Calgary Lynx batting - Pitching for Jersey City Tritons : RHP Iwane Chihara
|
Pinch Hitting: RHB Miguel Rosales
|
0-0: Ball 1-0: Ball 2-0: Ball 3-0: Called Strike 3-1: Called Strike 3-2: Base on Balls
|
Batting: RHB Sixto Estrada
|
0-0: Called Strike 0-1: Called Strike 0-2: Fielders Choice at 2nd, 3-6 (Groundball, 3)
|
Batting: RHB Hani Azwan
|
0-0: Ball Sixto Estrada steals 2nd base 1-0: Called Strike 1-1: Swinging Strike 1-2: SINGLE (Line Drive, 89M) Sixto Estrada to third Runner from 3rd tries for Home, SAFE, no throw
|
Batting: RHB Ángelo Delgado
|
0-0: Ground out U3 (Groundball, 34) Hani Azwan to second
|
Batting: LHB Michael Ward
|
0-0: Ball 1-0: Fly out, F6 (Popup, 4M)
|
Top of the 7th over - 1 run, 1 hit, 0 errors, 1 left on base; Calgary 5 - Jersey City 4 |
BOTTOM OF THE 7TH |
Jersey City Tritons batting - Pitching for Calgary Lynx : RHP Sjoerd Reynoud
|
Now at SS: Miguel Rosales
|
|
Batting: RHB Micheal Lovell
|
0-0: Ball 1-0: Fly out, F7 (Flyball, 7)
|
Batting: RHB Steven Rohrs
|
0-0: Ground out 6-3 (Groundball, 6MS)
|
Batting: LHB Bart Walton
|
0-0: Ball 1-0: Ground out 4-3 (Groundball, 4D)
|
Bottom of the 7th over - 0 runs, 0 hits, 0 errors, 0 left on base; Calgary 5 - Jersey City 4 |
TOP OF THE 8TH |
Calgary Lynx batting - Pitching for Jersey City Tritons : RHP Iwane Chihara
|
Batting: RHB José de la Cavallería
|
0-0: Called Strike 0-1: Foul Ball, location: 2F 0-2: Ball 1-2: Ball 2-2: Foul Ball, location: 2F 2-2: Fly out, F9 (Line Drive, 9)
|
Pitching: RHP Raúl Flores
|
|
Batting: LHB Juan Aranda
|
0-0: Foul Ball, location: 2F 0-1: Ball 1-1: Ball 2-1: SINGLE (Groundball, 34D)
|
Batting: RHB Luis Delvalle
|
0-0: Ball 1-0: Called Strike 1-1: Ball 2-1: Ball 3-1: Base on Balls Juan Aranda to second
|
Batting: RHB Cody Jaeckel
|
0-0: Swinging Strike 0-1: Called Strike 0-2: Ball 1-2: Foul Ball, location: 2F 1-2: Foul Ball, location: 2F 1-2: Ball 2-2: Strikes out looking
|
Batting: RHB Miguel Rosales
|
0-0: Ball 1-0: Called Strike 1-1: Ball 2-1: Ball 3-1: Foul Ball, location: 2F 3-2: Strikes out looking
|
Top of the 8th over - 0 runs, 1 hit, 0 errors, 2 left on base; Calgary 5 - Jersey City 4 |
BOTTOM OF THE 8TH |
Jersey City Tritons batting - Pitching for Calgary Lynx : RHP Sjoerd Reynoud
|
Pitching: LHP Adrian Neumann
|
|
Batting: LHB Dana Waldrip
|
0-0: Called Strike 0-1: SINGLE (Groundball, 34S) (infield hit)
|
Pinch Hitting: RHB Julián Salcido
|
0-0: Ball 1-0: Swinging Strike 1-1: Swinging Strike 1-2: Fielders Choice at 2nd, 4-6 (Groundball, 4)
|
Batting: RHB Carlos Rúbio
|
0-0: Ball 1-0: Called Strike 1-1: Ball 2-1: Ball 3-1: Hit by Pitch Julián Salcido to second
|
Batting: RHB Rand McNally
|
0-0: Swinging Strike 0-1: Called Strike 0-2: Ball 1-2: Ball 2-2: Grounds into double play, 6-4-3 (Groundball, 6)
|
Bottom of the 8th over - 0 runs, 1 hit, 0 errors, 1 left on base; Calgary 5 - Jersey City 4 |
TOP OF THE 9TH |
Calgary Lynx batting - Pitching for Jersey City Tritons : RHP Raúl Flores
|
Now in LF: Julián Salcido
|
|
Batting: RHB Sixto Estrada
|
0-0: Ground out 3-1 (Groundball, 34S)
|
Batting: RHB Hani Azwan
|
0-0: Swinging Strike 0-1: Swinging Strike 0-2: Strikes out swinging
|
Batting: RHB Ángelo Delgado
|
0-0: Foul Ball, location: 2F 0-1: Ball 1-1: Ball 2-1: Swinging Strike 2-2: Strikes out swinging
|
Top of the 9th over - 0 runs, 0 hits, 0 errors, 0 left on base; Calgary 5 - Jersey City 4 |
BOTTOM OF THE 9TH |
Jersey City Tritons batting - Pitching for Calgary Lynx : LHP Adrian Neumann
|
Now at C: Ieyoshi Yamamoto
|
|
Pinch Hitting: RHB Jorge Rodríguez
|
0-0: Ball 1-0: Swinging Strike 1-1: Called Strike 1-2: SINGLE (Flyball, 9S)
|
Pinch Runner at 1st Rubén Arce:
|
|
Batting: RHB Brian Moring
|
0-0: Sac Bunt - play at first, batter OUT! 5-4 Rubén Arce to second
|
Batting: RHB Micheal Lovell
|
0-0: Called Strike 0-1: Fly out, F6 (Flyball, 6D)
|
Batting: RHB Steven Rohrs
|
0-0: Called Strike 0-1: Foul Ball, location: 2F 0-2: Strikes out swinging
|
Bottom of the 9th over - 0 runs, 1 hit, 0 errors, 1 left on base; Calgary 5 - Jersey City 4 |
|